AoeStats
← 一杯冰美式

African Clearing

510675843Analyzed
3v3 RM · 17h ago on Oct 2, 2026· 50m 27s· 6 players
Game mode
Random Map
Map size
Normal (6 player)
Population
200
Speed
Normal
Resources
Standard
Victory
Conquest
Starting age
Dark Age
Ending age
Imperial Age
RankedLock teamsTeams togetherTeam positionsShared explorationLock speedFull tech treeHidden civsTurbo modeCheats
Victory
Defeat
🇨🇳 Cumans · China
1305
+9
🇺🇸 Japanese · United States
1182
+14
🇹🇼 Goths · Taiwan
1159
+14
🇪🇨 Jurchens · Ecuador
1162
-13
🇨🇱 Britons · Chile
1130
-12
🇨🇱 Mapuche · Chile
1129
-12
Waydess
13:35 Loom
15:57 Feudal Age
16:23 Fishing Lines
20:51 Double-Bit Axe
24:11 Castle Age
23:38 Forging
25:15 Wheelbarrow
24:57 Gillnets
25:19 Town Watch
26:21 Bow Saw
35:19 Imperial Age
33:27 Fletching
33:39 Scale Mail Armor
34:15 Iron Casting
35:11 Horse Collar
36:23 Conscription
37:43 Chain Mail Armor
38:29 Blast Furnace
37:33 Squires
37:19 Arson
39:16 Town Patrol
40:52 Hand Cart
41:03 Capped Ram
44:14 Plate Mail Armor
46:07 Onager
一杯冰美式
4:46 Loom
6:06 Loom
15:58 Feudal Age
17:14 Town Watch
18:07 Double-Bit Axe
21:43 Castle Age
22:56 Bow Saw
24:37 Stone Mining
24:40 Gold Mining
25:42 Fishing Lines
26:18 Horse Collar
27:49 Wheelbarrow
27:17 Heavy Plow
29:27 Hand Cart
29:49 Gillnets
34:09 Imperial Age
33:02 Squires
33:07 Anarchy
33:32 Forging
33:22 Scale Mail Armor
34:48 Iron Casting
35:13 Conscription
35:13 Chain Mail Armor
35:42 Crop Rotation
35:33 Town Patrol
36:45 Two-Man Saw
39:18 Blast Furnace
38:56 Elite Huskarl
41:23 Perfusion
44:05 Guilds
axjhbl90
9:38 Loom
12:08 Feudal Age
13:34 Wheelbarrow
13:00 Double-Bit Axe
17:22 Bloodlines
18:41 Forging
18:37 Scale Barding Armor
27:05 Castle Age
28:18 Chain Barding Armor
28:33 Iron Casting
28:15 Hand Cart
28:24 Bow Saw
29:17 Gold Mining
30:16 Horse Collar
30:35 Stone Mining
36:17 Gold Shaft Mining
39:20 Heavy Plow
42:59 Imperial Age
44:41 Plate Barding Armor
45:07 Blast Furnace
43:36 Capped Ram
44:41 Cavalier
44:50 Siege Ram
47:44 Two-Man Saw
46:22 Paladin
47:05 Fletching
47:16 Padded Archer Armor
47:51 Conscription
49:47 Crop Rotation
paulpacheco01
5:02 Loom
14:28 Feudal Age
18:50 Castle Age
17:23 Padded Archer Armor
20:56 Horse Collar
29:16 Fletching
29:23 Town Watch
34:14 Town Patrol
34:53 Ballistics
37:27 Imperial Age
35:16 Leather Archer Armor
39:11 Chemistry
39:58 Wheelbarrow
40:15 Ring Archer Armor
44:08 Conscription
diego02041989
14:16 Feudal Age
14:15 Loom
14:52 Double-Bit Axe
15:43 Wheelbarrow
15:09 Horse Collar
22:35 Castle Age
23:06 Fletching
23:16 Padded Archer Armor
23:10 Crossbowman
27:48 Stone Mining
28:21 Bodkin Arrow
29:11 Ballistics
33:56 Heavy Plow
34:08 Bow Saw
35:52 Gold Mining
36:00 Murder Holes
36:51 Treadmill Crane
40:44 Imperial Age
39:18 Hand Cart
39:40 Gold Shaft Mining
38:55 Pikeman
39:36 Squires
39:21 Gambesons
39:22 Arson
39:54 Forging
39:45 Scale Mail Armor
40:52 Arbalester
42:51 Chemistry
42:12 Bracer
43:48 Leather Archer Armor
43:45 Siege Engineers
44:52 Conscription
44:54 Yeomen
44:35 Warwolf
49:03 Masonry
49:11 Chain Mail Armor
Paquesito
5:15 Loom
14:40 Feudal Age
16:07 Double-Bit Axe
18:22 Wheelbarrow
24:48 Castle Age
24:51 Horse Collar
26:01 Bow Saw
29:01 Fishing Lines
30:32 Masonry
30:04 Treadmill Crane
30:36 Clinker Construction
32:02 Arson
32:28 Champi Runner
33:19 Forging
33:09 Scale Mail Armor
33:59 Caravan
33:51 Fletching
34:09 Gillnets
36:22 Malon
37:04 Heavy Plow
36:44 Pikeman
40:00 Bodkin Arrow
40:06 Scale Mail Armor
40:41 Iron Casting
46:14 Imperial Age
43:33 Town Watch
44:44 Chain Mail Armor
46:04 Coinage
47:04 Ballistics
46:52 Halberdier
Connection lost

Rejoining the realm…

Still unreachable

The connection could not be restored.

Session expired

The server has moved on; the page needs a fresh start.